 Dungeon Crawl Stone Soup version 0.29.1-1-gd02db6906a (webtiles) character file.

Game seed: 9444662763831882697

170 Doomgape the Ruffian (level 5, -2/29 HPs)
             Began as a Gargoyle Transmuter on Sept 17, 2022.
             Slain by a gnoll
             ... wielding a +0 spear
              (5 damage)
             ... on level 3 of the Dungeon.
             The game lasted 00:07:55 (2923 turns).

Doomgape the Ruffian (Gargoyle Transmuter)          Turns: 2923, Time: 00:07:56

Health: -2/29      AC:  7    Str: 20    XL:     5   Next: 50%
Magic:  8/9        EV: 11    Int: 12    God:
Gold:   103        SH:  0    Dex:  9    Spells: 8/9 levels left

rFire   . . .      SeeInvis .     - Unarmed
rCold   . . .      Faith    .   (no shield)
rNeg    + . .      Spirit   .   a - +0 robe
rPois   ∞          Reflect  .   (helmet currently unavailable)
rElec   +          Harm     .   (no cloak)
rCorr   .          Rampage  .   (no gloves)
Will    .....                   (boots currently unavailable)
Stlth   +.........              (no amulet)
HPRegen 0.00/turn               (no ring)
MPRegen 0.11/turn               (no ring)

@: appendages, inhibited regen
A: horns 2, talons 2, sickness immunity, AC +4, negative energy resistance 1,
electricity resistance, torment resistance 1, petrification resistance, shaggy
fur 1, inhibited regeneration, strong 1, MP-powered wands
a: End Transformation


You were on level 3 of the Dungeon.
You had temporarily grown beastly horns and talons.
You visited 1 branch of the dungeon, and saw 3 of its levels.

You collected 103 gold pieces.

Inventory:

Armour
 a - a +0 robe (worn)
Magical Staves
 g - a staff of earth
Wands
 j - a wand of paralysis (5)
Scrolls
 f - a scroll of identify
Potions
 b - a potion of lignification
 c - a potion of mutation
 d - a potion of invisibility
 e - a potion of haste {unknown}
 h - a potion of heal wounds {unknown}
 i - a potion of brilliance {unknown}
 k - a potion of curing {unknown}


   Skills:
 - Level 1.1 Fighting
 - Level 1.5 Dodging
 - Level 5.0 Unarmed Combat
 + Level 2.9 Spellcasting
 + Level 2.4 Transmutations


You had 8 spell levels left.
You knew the following spells:

 Your Spells              Type           Power      Damage    Failure   Level
a - Beastly Appendage     Tmut           14%        N/A       9%          1

Your spell library contained the following spells:

 Spells                   Type           Power      Damage    Failure   Level
 Wereblood                Tmut           7%         N/A       14%         2
 Spider Form              Tmut/Pois      4%         N/A       41%         3
 Ice Form                 Ice/Tmut       4%         N/A       83%         4


Dungeon Overview and Level Annotations

Branches:
Dungeon (3/15)

Altars:
Cheibriados

Shops:
D:2 !


Innate Abilities, Weirdness & Mutations

You have temporarily grown beastly horns and talons.
You are immune to sickness and miasma.
Your stone body is resilient. (AC +4)
You are immune to poison.
You resist negative energy. (rN+)
You are resistant to electric shocks. (rElec)
You are resistant to unholy torment.
You are immune to petrification.
You are covered in fur. (AC +1)
You do not regenerate when monsters are visible.
Your muscles are strong. (Str +4, Int/Dex -1)
You expend magic power (3 MP) to strengthen your wands.


Message History

You closely miss the gnoll. You claw the gnoll.
The gnoll is almost dead.
The gnoll hits you with a +0 club.
A gnoll comes into view. It is wielding a +0 spear.
Unknown command.
You punch the gnoll!
You kill the gnoll!
You barely miss the gnoll. The gnoll barely misses you.
Unknown command.
You hit the gnoll.
The gnoll is heavily wounded.
The gnoll hits you but does no damage. x2
Unknown command.
You hit the gnoll. Your kick misses the gnoll.
The gnoll is heavily wounded.
Your horns disappear.
Your talons disappear.
The gnoll hits you from afar with a +0 spear.
The gnoll misses you.
Unknown command.
Casting: Beastly Appendage (safe; 10% risk of failure)
Confirm with . or Enter, or press ? or * to list all spells.
You grow a pair of large bovine horns.
Your feet morph into talons.
The gnoll hits you from afar with a +0 spear.
The gnoll hits you with a +0 whip.
You hit the gnoll.
The gnoll is almost dead.
You completely miss the gnoll. You claw the gnoll.
You kill the gnoll!
The gnoll hits you from afar with a +0 spear.
The gnoll hits you but does no damage. The gnoll closely misses you.
Things that are here:
a +0 whip; a +0 club; a gnoll corpse You hit the gnoll.
You claw the gnoll.
The gnoll is heavily wounded.
The gnoll closely misses you. The gnoll hits you with a +0 spear!
* * * LOW HITPOINT WARNING * * *
You closely miss the gnoll. Your punch misses the gnoll.
The gnoll is heavily wounded.
The gnoll hits you from afar with a +0 spear.
You die...

#.# #.#.#.# #.......# #.#
#.#...# #.....#†##### #.#
#.#.###########.....# #.#
#....................
#.#####.############.####
#...............##...##.#
#######<#####)...........
#########...####..#..
#.gg@...#...# #..#.#
#.#####.#...# #.†#.#
#.#.#.# #..#.#
#.#.#.####..#.#
#)..#.......#)#
#>.............
###.##......#.#
#.##.#####.#.
#.........#.#


You could see 2 gnolls.

Vanquished Creatures
  2 orc wizards (D:3)
  2 gnolls (D:3)
  3 adders
  3 worms
  3 dart slugs
  4 orcs (D:3)
  4 ball pythons
  3 bats (D:1)
  An endoplasm (D:2)
  A giant cockroach (D:2)
  5 hobgoblins
  2 jackals (D:1)
  4 quokkas
  6 frilled lizards
  7 goblins
  7 kobolds
  6 rats
63 creatures vanquished.

Notes
Turn   | Place    | Note
-------+----------+-------------------------------------------
     0 | D:1      | Doomgape the Gargoyle Transmuter began the quest for the
                  | Orb.
     0 | D:1      | Reached XP level 1. HP: 12/12 MP: 3/3
   154 | D:1      | Found a faded altar of an unknown god.
   587 | D:1      | Reached XP level 2. HP: 16/16 MP: 3/5
   981 | D:1      | Reached skill level 4 in Unarmed Combat
  1270 | D:1      | Reached XP level 3. HP: 20/20 MP: 3/6
  1464 | D:2      | Found Racsoel's Distillery.
  1820 | D:2      | Reached XP level 4. HP: 25/25 MP: 5/7
  1977 | D:2      | Reached skill level 5 in Unarmed Combat
  1996 | D:2      | Found a snail-covered altar of Cheibriados.
  2655 | D:3      | Reached XP level 5. HP: 14/29 MP: 8/8
  2655 | D:3      | Gained mutation: You do not regenerate when monsters are
                  | visible. [potion of mutation]
  2655 | D:3      | Gained mutation: You expend magic power (3 MP) to
                  | strengthen your wands. [potion of mutation]
  2655 | D:3      | Gained mutation: Your muscles are strong. (Str +4, Int/Dex
                  | -1) [potion of mutation]
  2655 | D:3      | Gained mutation: You are covered in fur. (AC +1) [potion of
                  | mutation]
  2923 | D:3      | Slain by a gnoll

Illustrated notes

Levels and vault maps discovered:
D:1:      moated_graveyard_arrival, layout_rooms,
          hellmonk_ecumenical_altar_inner_sanctum, minmay_misc_feat_chi,
          minmay_pentomino_o4
D:2:      layout_loops_cross, serial_shops, shop, basic_altar
D:3:      layout_basic, minivault_23

Skill      XL: |  1  2  3  4 |
---------------+-------------+-----
Unarmed Combat | 4 5 |  5.0
Transmutations | 2 |  2.4
Fighting       | |  1.1
Dodging        | |  1.5
Spellcasting   | |  2.9

Action                   |  1- 3 |  4- 6 || total
-------------------------+-------+-------++-------
Melee: Unarmed           |   102 |    77 ||   179
       Headbutt          |    10 |    10 ||    20
       Punch             |     4 |     1 ||     5
       Kick              |    20 |    14 ||    34
 Cast: Beastly Appendage |    25 |    13 ||    38
Evoke: Wand              |       |     2 ||     2
  Use: Scroll            |     1 |     1 ||     2
       Potion            |       |     1 ||     1
 Stab: Sleeping          |     1 |     1 ||     2
Armor: Robe              |    29 |    17 ||    46
Dodge: Dodged            |    50 |    21 ||    71
